 Dungeon Crawl Stone Soup version 0.28.0-53-g5a82cb258f (webtiles) character file.

Game seed: 13011230938973141107

1384 Jerry the Carver (level 8, -5/58 HPs)
             Began as a Human Fighter on June 21, 2022.
             Was an Initiate of Gozag.
             Slain by a vampire (10 damage)
             ... on level 5 of the Dungeon.
             The game lasted 00:12:49 (5882 turns).

Jerry the Carver (Human Fighter)                    Turns: 5882, Time: 00:13:19

Health: -5/58      AC:  7    Str: 18    XL:     8   Next: 99%
Magic:  8/8        EV: 10    Int: 10    God:    Gozag
Gold:   380        SH:  5    Dex: 12    Spells: 7/7 levels left

rFire   . . .      SeeInvis +   m - +2 falchion (elec)
rCold   . . .      Faith    .   c - +0 buckler
rNeg    . . .      Spirit   .   l - +0 ring mail {Will+}
rPois   .          Reflect  .   (no helmet)
rElec   .          Harm     .   d - +0 cloak
rCorr   .          Rampage  .   (no gloves)
Will    +....                   (no boots)
Stlth   +.........              (no amulet)
HPRegen 0.19/turn               b - ring of see invisible
MPRegen 0.11/turn               (no ring)

@: mighty
A: no striking features
a: Renounce Religion, Potion Petition, Call Merchant, Bribe Branch


You were on level 5 of the Dungeon.
You worshipped Gozag.
Gozag was aware of your devotion.
You visited 1 branch of the dungeon, and saw 6 of its levels.

You collected 406 gold pieces.
You paid 26 gold pieces to Gozag.

Inventory:

Hand Weapons
 j - a +4 short sword
 m - a +2 falchion of electrocution (weapon)
Missiles
 f - 4 poisoned darts (quivered)
 q - 2 throwing nets
Armour
 c - a +0 buckler (worn)
 d - a +0 cloak (worn)
 l - a +0 ring mail of willpower (worn)
Jewellery
 b - a ring of see invisible (left hand)
Wands
 o - a wand of polymorph (13)
Scrolls
 g - 5 scrolls of identify
 k - a scroll of teleportation
 n - a scroll of enchant armour {unknown}
 r - a scroll of vulnerability {unknown}
Potions
 e - a potion of attraction
 h - 2 potions of berserk rage {unknown}
 i - 3 potions of heal wounds {unknown}
 p - a potion of flight {unknown}


   Skills:
 - Level 3.0 Fighting
 * Level 8.3 Long Blades
 + Level 6.4 Armour
 - Level 4.1 Shields


You had 7 spell levels left.
You didn't know any spells.
Your spell library contained the following spells:

 Spells                   Type           Power      Damage    Failure   Level
 Freeze                   Ice            0%         1d3       63%         1
 Frozen Ramparts          Ice            0%         1d2       94%         3
 Hailstorm                Conj/Ice       0%         3d3       100%        4
 Conjure Ball Lightning   Conj/Air       0%         3x3d6     100%        6
 Discord                  Hex            0%         N/A       100%        8
 Disjunction              Tloc           0%         N/A       100%        8


Dungeon Overview and Level Annotations

Branches:
Dungeon (6/15)             Temple (0/1) D:4

Altars:
Gozag
Hepliaklqana

Shops:
D:5 *

Annotations:
D:4 Sigmund


Message History

The vampire gestures wildly while chanting.
The vampire flickers and vanishes for a moment.
You closely miss the vampire. The vampire misses you.
You block the vampire's attack.
You hit the vampire.
The vampire is lightly damaged.
An orc comes into view.
It is wielding a +0 dagger and quivering boomerangs of dispersal.
The vampire hits you! The vampire bites you!
The vampire draws strength from your injuries!
The orc hits you from afar with a +0 trident of protection!
There is a stone staircase leading up here.
The vampire hits you! You block the vampire's attack.
The orc closely misses you.
You climb upwards.
There is a stone staircase leading down here.
The vampire barely misses you. You block the vampire's attack.
Okay, then.
You feel very mighty all of a sudden. You block the vampire's attack.
The vampire closely misses you.
You slash the vampire!
The vampire is heavily damaged.
The vampire hits you! The vampire closely misses you.
You closely miss the vampire.
The vampire is heavily damaged.
The vampire draws life force from you.
* * * LOW HITPOINT WARNING * * *
The vampire is healed by the life force!
You hit the vampire.
The vampire is heavily damaged.
The vampire hits you but does no damage.
The vampire bites you.
* * * LOW HITPOINT WARNING * * *
The vampire draws strength from your injuries!
You barely miss the vampire.
The vampire is moderately damaged.
The vampire hits you!
* * * LOW HITPOINT WARNING * * *
The vampire bites you!
You die...
Your body crumbles into a pile of gold.

#............#.#.########.# #
#.......(....#.#V# ######'#####
#............#.#.# #..........#
#............#.#.# #..........#
#............#.#.# #..........#
#............#.#.# ######.#####
##...#'#######.#.# #.)....
#≈P≈P#.# #V#.###########...
#≈≈≈P#.# #@#...>.......'...
###≈≈♣≈#.#######.#..##########...
#..P≈P≈#.........#........# #...
..PP♣≈≈#######...##...###.####...
..P≈≈PP...............# #........
.PP♣≈P.#######...###..########...
PP≈≈≈≈P# #####...###.............
P♣≈≈≈P## #..................####.
♣♣≈≈..# #..................##.#.


You could see a vampire (invisible).

Vanquished Creatures
  Pikel (D:4)
  An orc warrior (D:5)
  A necrophage (D:6)
  An ogre (D:4)
  A phantom (D:6)
  A scorpion (D:4)
  A bullfrog (D:3)
  Crazy Yiuf (D:3)
  2 hounds
  A gnoll shaman (D:5)
  A bullfrog skeleton (D:4)
  Natasha (thrice) (D:3)
  An orc wizard (D:5)
  A hound zombie (D:5)
  4 adders
  5 gnolls (D:5)
  A white imp (D:5)
  An ufetubus (D:4)
  3 adder skeletons
  A worm (D:2)
  4 dart slugs
  13 orcs
  4 endoplasms
  3 giant cockroaches
  5 goblins
  7 hobgoblins
  3 quokkas
  2 ball pythons
  2 bats
  5 frilled lizards
  4 kobolds
  5 rats
89 creatures vanquished.

Notes
Turn   | Place    | Note
-------+----------+-------------------------------------------
     0 | D:1      | Jerry the Human Fighter began the quest for the Orb.
     0 | D:1      | Reached XP level 1. HP: 18/18 MP: 1/1
   142 | D:1      | Reached XP level 2. HP: 22/24 MP: 2/2
  1096 | D:2      | Reached XP level 3. HP: 19/29 MP: 3/3
  1417 | D:2      | Reached skill level 3 in Long Blades
  1840 | D:3      | Noticed Natasha
  1853 | D:3      | Killed Natasha
  1854 | D:3      | Reached XP level 4. HP: 35/35 MP: 4/4
  1875 | D:3      | Noticed Natasha
  1883 | D:3      | Killed Natasha
  1884 | D:3      | Reached XP level 5. HP: 26/41 MP: 5/5
  2082 | D:3      | Noticed a bullfrog
  2092 | D:3      | Killed a bullfrog
  2093 | D:3      | Reached skill level 4 in Long Blades
  2304 | D:3      | Noticed Natasha
  2312 | D:3      | Killed Natasha
  2313 | D:3      | Reached XP level 6. HP: 47/47 MP: 6/6
  2487 | D:3      | Found a runed translucent door.
  2488 | D:3      | Noticed Crazy Yiuf
  2496 | D:3      | Killed Crazy Yiuf
  2583 | D:3      | Found a faded altar of an unknown god.
  2587 | D:3      | Found a hazy altar of Hepliaklqana.
  2890 | D:4      | Found an opulent altar of Gozag.
  2898 | D:4      | Became a worshipper of Gozag Ym Sagoz the Greedy
  2987 | D:4      | Noticed an ogre
  2993 | D:4      | Killed an ogre
  2994 | D:4      | Reached skill level 5 in Long Blades
  3269 | D:4      | Noticed Pikel
  3288 | D:4      | Killed Pikel
  3289 | D:4      | Reached skill level 6 in Long Blades
  3289 | D:4      | Reached skill level 5 in Armour
  3289 | D:4      | Reached XP level 7. HP: 41/52 MP: 7/7
  3289 | D:4      | Reached XP level 8. HP: 46/58 MP: 8/8
  3395 | D:4      | Noticed Sigmund
  3538 | D:4      | Found a staircase to the Ecumenical Temple.
  3616 | D:4      | Reached skill level 7 in Long Blades
  4178 | D:5      | Entered Level 5 of the Dungeon
  5025 | D:5      | Found Rumuutt's Fire Supplies.
  5730 | D:6      | Reached skill level 8 in Long Blades
  5839 | D:6      | Noticed a vampire
  5882 | D:5      | Slain by a vampire

Illustrated notes

Levels and vault maps discovered:
D:1:      dpeg_arrival_oval, layout_basic, hangedman_decor_opposing
D:2:      layout_basic
D:3:      layout_loops_ring, nicolae_overflow_ecumenical_swirl, uniq_natasha,
          uniq_crazy_yiuf_cottage
D:4:      layout_loops_ring, nicolae_gozag_cash_rules_everything_around_me,
          minmay_temple_entry_stoned_glass, uniq_sigmund, uniq_pikel
D:5:      layout_basic, nicolae_shop_fire_sale [nicolae_sub_dead_trees],
          serial_bayou_lagoon_a
D:6:      cheibrodos_fzero, layout_basic, serial_corexii_hall,
          corexii_hall_statues_i, chequers_hall_statues_wall_a, serial_shops,
          kennysheep_mini_moat

Skill      XL: |  1  2  3  4  5  6  7  8 |
---------------+-------------------------+-----
Long Blades    | 3 4 6 8 |  8.3
Armour         | 4 5 6 |  6.4
Shields        | 4 |  4.1
Fighting       | |  3.0

Action                   |  1- 3 |  4- 6 |  7- 9 || total
-------------------------+-------+-------+-------++-------
Melee: Long sword        |    84 |       |       ||    84
       Unarmed           |     9 |     2 |       ||    11
       Falchion          |       |    72 |   162 ||   234
  Use: Scroll            |       |     5 |       ||     5
       Potion            |       |     1 |     2 ||     3
Armor: Scale mail        |    35 |    28 |    24 ||    87
       Skin              |     2 |       |       ||     2
       Ring mail         |       |       |    22 ||    22
Dodge: Dodged            |    42 |    38 |    62 ||   142
Block: Buckler           |    12 |    21 |    29 ||    62
